 Dungeon Crawl Stone Soup version 0.28.0-53-g5a82cb258f (webtiles) character file.

Game seed: 12537931151089207615

2279 pkoi the Stinger (level 8, -3/63 HPs)
             Began as a Demigod Venom Mage on June 3, 2022.
             Slain by an unseen horror (4 damage)
             ... on level 6 of the Dungeon.
             The game lasted 00:14:02 (11054 turns).

pkoi the Stinger (Demigod Venom Mage)              Turns: 11054, Time: 00:14:02

Health: -3/63      AC:  7    Str:  9    XL:     8   Next: 95%
Magic:  21/24      EV: 12    Int: 27    God:
Gold:   249        SH:  0    Dex: 20    Spells: 6/13 levels left

rFire   + . .      SeeInvis .   b - staff of poison
rCold   . . .      Faith    .   (no shield)
rNeg    . . .      Spirit   .   e - +3 leather armour {rF+}
rPois   +          Reflect  .   n - +0 helmet
rElec   .          Harm     .   (no cloak)
rCorr   .          Rampage  .   (no gloves)
Will    +....                   (no boots)
Stlth   ++........              g - amulet of magic regeneration
HPRegen 0.20/turn               q - ring of magical power
MPRegen 0.59/turn               l - ring of Vaysa {Will+ Int+2 Dex+6}

@: flying
A: high MP 1, forlorn, divine attributes
a: no special abilities


You were on level 6 of the Dungeon.
You visited 1 branch of the dungeon, and saw 6 of its levels.

You collected 249 gold pieces.

Inventory:

Hand Weapons
 a - the +5 short sword of the Inquisitive Orbs {flame, rPois Str+4}
   (You found it on level 4 of the Dungeon)

   It burns those it strikes, dealing additional fire damage.
   Str:       It affects your strength (+4).
   rPois:     It protects you from poison.
 p - a +1 dagger
Armour
 e - a +3 leather armour of fire resistance (worn)
 i - a +0 robe
 k - the +1 robe of Levity {rC+}
   (You found it on level 4 of the Dungeon)

   rC:        It protects you from cold.
 n - a +0 helmet (worn)
Magical Staves
 b - a staff of poison (weapon)
Jewellery
 g - an amulet of magic regeneration (around neck)
 l - the ring of Vaysa (right hand) {Will+ Int+2 Dex+6}
   (You found it on level 6 of the Dungeon)

   [ring of dexterity]

   Int:       It affects your intelligence (+2).
   Dex:       It affects your dexterity (+6).
   Will:      It increases your willpower.
 q - a ring of magical power (left hand)
 r - a +6 ring of strength
Wands
 d - a wand of polymorph (1)
 m - a wand of charming (8)
Scrolls
 f - 3 scrolls of teleportation
 j - 4 scrolls of magic mapping
 o - a scroll of identify
Potions
 c - 4 potions of brilliance


   Skills:
 - Level 3.0 Fighting
 + Level 4.1 Armour
 - Level 2.0 Dodging
 - Level 1.7 Stealth
 + Level 5.0 Unarmed Combat
 - Level 3.0 Spellcasting
 - Level 3.0 Transmutations
 + Level 2.8 Air Magic
 - Level 7.0 Poison Magic


You had 6 spell levels left.
You knew the following spells:

 Your Spells              Type           Power      Damage    Failure   Level
a - Sting                 Tmut/Pois      100%       1d8       1%          1
b - Poisonous Vapours     Pois/Air       90%        N/A       2%          2
c - Olgreb's Toxic Radia  Pois           58%        N/A       7%          4

Your spell library contained the following spells:

 Spells                   Type           Power      Damage    Failure   Level
 Mephitic Cloud           Conj/Pois/Air  32%        N/A       10%         3


Dungeon Overview and Level Annotations

Branches:
Dungeon (6/15)             Temple (0/1) D:6

Shops:
D:4 (*=*   D:5 [

Annotations:
D:2 1 runed translucent door, Crazy Yiuf
D:4 3 runed translucent doors, Valamore's ghost, amateur GrFi


Innate Abilities, Weirdness & Mutations

You have an increased reservoir of magic. (+10% MP)
You shall have no god before yourself.
Your divine heritage dramatically boosts your attributes as you level up.


Message History

Something hits you.
* * * LOW HITPOINT WARNING * * *
Something hits you.
* * * LOW HITPOINT WARNING * * *
Something completely misses you.
Casting: Poisonous Vapours (safe; 2% risk of failure)
Confirm with . or Enter, or press ? or * to list all spells.
You can't see any susceptible monsters within range! (Use Z to cast anyway.) Unknown command.
Casting: Poisonous Vapours (safe; 2% risk of failure)
Confirm with . or Enter, or press ? or * to list all spells.
You feel a surge of power!
You begin to radiate toxic energy.
You feel a bit more experienced. Something hits you.
* * * LOW HITPOINT WARNING * * *
Unknown command.
Your toxic aura wanes.
Something hits you!
* * * LOW HITPOINT WARNING * * *
Casting: Olgreb's Toxic Radiance (dangerous; 7% risk of failure)
Confirm with . or Enter, or press ? or * to list all spells.
You feel a surge of power!
You begin to radiate toxic energy.
Something hits you!
* * * LOW HITPOINT WARNING * * *
Unknown command.
Something hits you.
* * * LOW HITPOINT WARNING * * *
Something hits you but does no damage.
Your toxic aura wanes.
Something hits you but does no damage. Something hits you.
* * * LOW HITPOINT WARNING * * *
Unknown command.
Something hits you.
* * * LOW HITPOINT WARNING * * *
Something hits you!
* * * LOW HITPOINT WARNING * * *
Unknown command.
It was a potion of flight.
You feel very buoyant.
You fly up into the air.
Something hits you.
You die...

# #.#.....# #.# #. #$ ##
#.#.#>### #.# #.##g .###.#.#.#
#†# #.... >....#.#.# #.# ##.#.
.#####.#.# #.# ###.... ## #.#.#
#.# #...### #.#.# #.# #.#.#
####.#.######.###########.).###
#.........##..@................
#.#######.##..######.##......#.
###.# #.##.........##.###....
....# #.##.##########.# #....
###.# #)........†.....# ###..
###.# #)############### ..
....# #[# ## ###.#######.#
#....<....#


There were no monsters in sight!

Vanquished Creatures
  A troll (D:5)
  Grinder (D:6)
  Sigmund (D:3)
  A steam dragon (D:6)
  2 ice beasts (D:6)
  4 necrophages
  An ogre (D:6)
  3 scorpions
  A water moccasin zombie (D:5)
  A wyvern skeleton (D:6)
  A howler monkey (D:2)
  2 bullfrog zombies (D:5)
  2 hounds (D:5)
  2 jellies (D:6)
  A centaur skeleton (D:4)
  Ijyb (D:3)
  2 orc wizards (D:6)
  Natasha (twice) (D:3)
  An iguana (D:5)
  A killer bee zombie (D:5)
  A hound skeleton (D:5)
  A howler monkey zombie (D:5)
  A howler monkey skeleton (D:6)
  5 gnolls
  5 adders
  3 white imps (D:6)
  2 worms
  2 dart slugs
  12 orcs
  10 endoplasms
  2 giant cockroaches
  9 goblins
  10 hobgoblins
  5 jackals
  5 quokkas
  4 ball pythons
  4 bats
  2 frilled lizards
  5 kobolds
  8 rats
  2 toadstools (D:1)
129 creatures vanquished.

Vanquished Creatures (others)
  12 plants (D:5)
  2 toadstools (D:1)
14 creatures vanquished.

Grand Total: 143 creatures vanquished

Notes
Turn   | Place    | Note
-------+----------+-------------------------------------------
     0 | D:1      | pkoi the Demigod Venom Mage began the quest for the Orb.
     0 | D:1      | Reached XP level 1. HP: 14/14 MP: 5/5
   154 | D:1      | Reached skill level 3 in Poison Magic
   816 | D:1      | Reached XP level 2. HP: 20/20 MP: 2/7
  1077 | D:1      | Reached skill level 1 in Unarmed Combat
  1183 | D:1      | Learned a level 2 spell: Poisonous Vapours
  1677 | D:2      | Found a runed translucent door.
  1678 | D:2      | Noticed Crazy Yiuf
  1784 | D:2      | Reached XP level 3. HP: 26/26 MP: 2/8
  1976 | D:2      | Reached skill level 4 in Poison Magic
  1996 | D:2      | Reached XP level 4. HP: 20/33 MP: 3/9
  3122 | D:3      | Identified the -4 pair of gloves "Fithruthie" {Harm Will+}
  3228 | D:3      | Noticed Sigmund
  3339 | D:3      | Killed Sigmund
  3340 | D:3      | Reached skill level 5 in Poison Magic
  3340 | D:3      | Reached XP level 5. HP: 25/38 MP: 6/10
  3472 | D:3      | Noticed Ijyb
  3508 | D:3      | Killed Ijyb
  3653 | D:3      | Noticed Natasha
  3663 | D:3      | Killed Natasha
  3664 | D:3      | Reached XP level 6. HP: 26/45 MP: 6/11
  3842 | D:3      | Identified the +1 ring mail of the Ladybird {Stlth+}
  4233 | D:3      | Noticed Natasha
  4244 | D:3      | Killed Natasha
  4459 | D:4      | Found Visiwiumukh's Antique Weapon Boutique.
  4871 | D:4      | Reached skill level 1 in Armour
  5354 | D:4      | Identified the +1 robe of Levity {rC+}
  5361 | D:4      | Found a runed translucent gate.
  5361 | D:4      | Found a runed translucent gate.
  5361 | D:4      | Found a runed translucent gate.
  6101 | D:4      | Reached skill level 6 in Poison Magic
  6161 | D:4      | Found Voohi's General Store.
  6454 | D:4      | Found Uviczy's Assorted Antiques.
  6467 | D:4      | Identified the +5 short sword of the Inquisitive Orbs
                  | {flame, rPois Str+4}
  6468 | D:4      | Found Yraevom's Jewellery Emporium.
  6543 | D:4      | Noticed Valamore's ghost (amateur GrFi)
  6671 | D:5      | Entered Level 5 of the Dungeon
  6672 | D:5      | Noticed a troll
  6736 | D:5      | Found Laucuill's Antique Armour Emporium.
  7411 | D:5      | Reached XP level 7. HP: 10/50 MP: 9/13
  8187 | D:5      | Killed a troll
  8188 | D:5      | Reached skill level 1 in Fighting
  8188 | D:5      | Reached skill level 7 in Poison Magic
  8219 | D:5      | Learned a level 4 spell: Olgreb's Toxic Radiance
  8304 | D:5      | Reached XP level 8. HP: 59/59 MP: 15/15
  8324 | D:5      | Reached skill level 1 in Transmutations
  8747 | D:6      | Reached skill level 1 in Air Magic
  9059 | D:6      | Noticed Grinder
  9074 | D:6      | Paralysed by Grinder for 2 turns
  9077 | D:6      | Killed Grinder
  9081 | D:6      | Identified the ring of Vaysa {Will+ Int+2 Dex+6}
 10496 | D:6      | Found a staircase to the Ecumenical Temple.
 11003 | D:6      | Reached skill level 5 in Unarmed Combat
 11053 | D:6      | HP: 1/63 [something (7)]
 11054 | D:6      | Slain by an unseen horror

Illustrated notes

Levels and vault maps discovered:
D:1:      ldierk_water_garden, layout_rooms,
          hellmonk_ecumenical_altar_crossroads
D:2:      layout_loops_ring, uniq_crazy_yiuf_cottage
D:3:      layout_basic, uniq_ijyb, uniq_natasha, uniq_sigmund
D:4:      layout_cave_pools, nemelex_dance_club_becter, ebering_ghost_gozag,
          serial_shops, nicolae_take_the_stairs, nicolae_shop_behind_doors,
          nicolae_shop_statue_plus, shop
D:5:      nicolae_cairo_tiling_very_big, layout_gridville,
          nicolae_elyvilon_temple_path, serial_shops, nicolae_shop_stone,
          minmay_chambers_of_fives
D:6:      layout_loops_ring, minmay_temple_entry_stoned_glass,
          nicolae_benzene_ring, minmay_fractal_squares_5, uniq_grinder

Skill      XL: |  1  2  3  4  5  6  7  8 |
---------------+-------------------------+-----
Poison Magic   | 3 4 5 6 7 |  7.0
Unarmed Combat | 1 2 3 5 |  5.0
Armour         | 1 2 4 |  4.1
Spellcasting   | 2 3 |  3.0
Dodging        | 2 |  2.0
Fighting       | 1 3 |  3.0
Transmutations | 3 |  3.0
Air Magic      | 2 |  2.8
Stealth        | |  1.7

Action                   |  1- 3 |  4- 6 |  7- 9 || total
-------------------------+-------+-------+-------++-------
Melee: Dagger            |    20 |    31 |       ||    51
       Unarmed           |     8 |    15 |       ||    23
       Punch             |     1 |     6 |     3 ||    10
       Short sword       |       |    14 |    83 ||    97
       Staff             |       |       |     9 ||     9
 Cast: Sting             |    64 |   134 |    60 ||   258
       Poisonous Vapours |       |    12 |    11 ||    23
       Olgreb's Toxic Ra |       |       |     2 ||     2
  Use: Scroll            |     1 |    11 |       ||    12
       Potion            |       |     1 |     4 ||     5
Armor: Robe              |     5 |     4 |       ||     9
       Leather armour    |       |    51 |    37 ||    88
Dodge: Dodged            |    34 |    92 |    66 ||   192
